 Dungeon Crawl Stone Soup version 0.29.0 (webtiles) character file.

Game seed: 14171879410315309080

46 Dorkslayer the Conjurer (level 3, 0/22 HPs)
             Began as an Octopode Conjurer on Aug 28, 2022.
             Slain by Terence
             ... wielding a +2 short sword of venom
              (7 damage)
             ... on level 2 of the Dungeon.
             The game lasted 00:04:01 (1985 turns).

Dorkslayer the Conjurer (Octopode Conjurer)         Turns: 1985, Time: 00:04:01

Health: 0/22       AC:  1    Str:  8    XL:     3   Next: 66%
Magic:  6/6        EV: 13    Int: 20    God:
Gold:   85         SH:  0    Dex: 10    Spells: 5/6 levels left

rFire   . . .      SeeInvis .   i - +0 trident
rCold   . . .      Faith    .   (no shield)
rNeg    . . .      Spirit   .   (helmet restricted)
rPois   .          Reflect  .   (no amulet)
rElec   .          Harm     .   f - ring of wizardry
rCorr   .          Rampage  .   (no ring)
Will    .....                   (no ring)
Stlth   +++.......              (no ring)
HPRegen 0.07/turn               (no ring)
MPRegen 0.10/turn               (no ring)
                                (no ring)
                                (no ring)

@: lethally poisoned (0 -> -8)
A: almost no armour, amphibious, 8 rings, camouflage 1, gelatinous body 1,
(nimble swimmer 1), tentacles
a: no special abilities


You were on level 2 of the Dungeon.
You visited 1 branch of the dungeon, and saw 2 of its levels.

You collected 85 gold pieces.

Inventory:

Hand Weapons
 i - a +0 trident (weapon)
Jewellery
 f - a ring of wizardry (left tentacle)
Scrolls
 d - a scroll of blinking {unknown}
 e - 2 scrolls of identify {unknown}
 g - a scroll of poison {unknown}
 h - a scroll of magic mapping {unknown}
Potions
 a - a potion of magic
 c - 2 potions of curing


   Skills:
 * Level 0.9 Fighting
 * Level 2.3 Dodging
 + Level 2.8 Stealth
 * Level 0.4 Unarmed Combat
 * Level 2.3 Spellcasting
 + Level 4.5 Conjurations


You had 5 spell levels left.
You knew the following spells:

 Your Spells              Type           Power      Damage    Failure   Level
a - Magic Dart            Conj           80%        1d7       1%          1

Your spell library contained the following spells:

 Spells                   Type           Power      Damage    Failure   Level
 Searing Ray              Conj           40%        2d5       1%          2
 Dazzling Flash           Conj/Hex       22%        N/A       8%          3
 Fulminant Prism          Conj/Hex       5%         3d7       24%         4
 Iskenderun's Mystic Bla  Conj/Tloc      11%        2d4       24%         4


Dungeon Overview and Level Annotations

Branches:
Dungeon (2/15)

Altars:

Annotations:
D:2 Terence


Innate Abilities, Weirdness & Mutations

You cannot wear most types of armour.
You are amphibious.
You can wear up to eight rings at the same time.
Your skin changes colour to match your surroundings (Stealth+).
Your rubbery body absorbs attacks. (AC +1, EV +1)
((You are camouflaged when in or above water. (Stealth+)))
You have tentacles for arms and can constrict up to eight enemies at once.


Message History

Terence closely misses you.
Casting: Magic Dart (safe; 1% risk of failure)
Confirm with . or Enter, or press ? or * to list all spells.
Aiming: Magic Dart (safe; 1% risk of failure)
Press: ? - help, Shift-Dir - straight line, f/p - Terence
Aim: Terence, wielding a +2 short sword of venom and wearing a +0 chain mail (lightly wounded, 100% to hit)
The magic dart hits Terence but does no damage.
Terence is lightly wounded.
Terence barely misses you.
You hit Terence. Your grab misses Terence.
Terence is moderately wounded.
Terence hits you with a +2 short sword of venom!
You are poisoned.
You hit Terence but do no damage. Your grab misses Terence.
You squeeze Terence.
Terence is heavily wounded.
You feel very sick. Terence closely misses you.
You barely miss Terence. Your grab misses Terence.
Terence is heavily wounded.
You feel sick.
Terence hits you with a +2 short sword of venom.
* * * LOW HITPOINT WARNING * * *
You are more poisoned.
You feel much better.
You feel very sick. Terence closely misses you.
It was a potion of curing.
You feel better. Terence misses you.
You hit Terence but do no damage. Your grab misses Terence.
Your squeeze misses Terence.
Terence is heavily wounded.
Terence hits you with a +2 short sword of venom!
Terence hits you with a +2 short sword of venom.
You are lethally poisoned!
You hit Terence but do no damage. You grab Terence.
Terence is heavily wounded.
You constrict Terence, but do no damage.
You feel very sick.
Terence hits you with a +2 short sword of venom!
You die...

.......# #.# #.# ##
####.#.####.###.## #
##... #.#......##...#
#.#.... #+##########..#
#.#.### ##.# ...###
###.# #.... ##.#.# #...#
####....########.###.#.#
+.....@@...........<....
####....##########...###
##.#.# ##..... ###.#
##.... #.# #.### #.# #.#
#.# #.# #.# #.#


You could see Terence.

Vanquished Creatures
  2 dart slugs
  7 bats
  An endoplasm (D:1)
  4 giant cockroaches (D:2)
  2 goblins (D:1)
  3 hobgoblins
  7 jackals
  2 quokkas
  A ball python (D:1)
  2 frilled lizards (D:1)
  5 kobolds
  A rat (D:1)
37 creatures vanquished.

Vanquished Creatures (others)
  8 fungi (D:1)
  2 plants (D:1)
10 creatures vanquished.

Grand Total: 47 creatures vanquished

Notes
Turn   | Place    | Note
-------+----------+-------------------------------------------
     0 | D:1      | Dorkslayer the Octopode Conjurer began the quest for the
                  | Orb.
     0 | D:1      | Reached XP level 1. HP: 11/11 MP: 3/3
   387 | D:1      | Reached XP level 2. HP: 11/17 MP: 3/5
   664 | D:1      | Found a faded altar of an unknown god.
  1168 | D:1      | Reached XP level 3. HP: 22/22 MP: 3/6
  1973 | D:2      | Noticed Terence
  1985 | D:2      | Slain by Terence

Illustrated notes

Levels and vault maps discovered:
D:1:      eino_arrival_water_star, layout_loops_ring,
          dreamdust_ecumenical_altar_grove, hex_tiny, st_stairs_11
D:2:      layout_loops_corners, uniq_natasha, uniq_terence

Action                   || total
-------------------------++-------
Melee: Unarmed           ||    21
       Constrict         ||    12
       Tentacles         ||     8
       Trident           ||    29
       Spear             ||     2
 Cast: Magic Dart        ||    54
  Use: Potion            ||     3
Armor: Skin              ||     6
Dodge: Dodged            ||    41
